 Dungeon Crawl Stone Soup version 0.25.1-2-g60ff931df9 (webtiles) character file.

Game seed: 12048766182166592280

75896 nikku the Warrior (level 15, -7/167 HPs)
             Began as a Minotaur Berserker on Nov 5, 2020.
             Was a High Priest of Trog.
             Mangled by a two-headed ogre
             ... wielding a +0 giant club
              (21 damage)
             ... on level 2 of the Orcish Mines on Nov 6, 2020.
             The game lasted 00:58:38 (17944 turns).

nikku the Warrior (Minotaur Berserker)             Turns: 17944, Time: 00:58:39

Health: -7/167     AC: 16    Str: 28      XL:     15   Next: 11%
Magic:  21/21      EV: 16    Int:  3 (4)  God:    Trog [*****.]
Gold:   1970       SH:  5    Dex: 10      Spells: 14/14 levels left

rFire    . . .     SeeInvis +   w - +5 halberd (freeze)
rCold    . . .     Gourm    .   (shield currently unavailable)
rNeg     . . .     Faith    .   r - +1 acid dragon scales
rPois    +         Spirit   .   (helmet restricted)
rElec    .         Reflect  +   A - +2 cloak
rCorr    +         Harm     .   F - +2 pair of gloves
MR       +....                  (no boots)
Stlth    +.........             U - amulet of reflection
HPRegen  0.37/turn              I - ring of Tebbinel {rPois SInv}
MPRegen  0.17/turn              n - +4 ring of evasion

@: lethally poisoned (-7 -> -12), berserk cooldown, slowed, very slow
A: retaliatory headbutt, horns 2, deterioration 1, robust 1
a: Berserk, Trog's Hand, Brothers in Arms, Renounce Religion


You were on level 2 of the Orcish Mines.
You worshipped Trog.
Trog was extremely pleased with you.
You were very hungry.

You visited 3 branches of the dungeon, and saw 20 of its levels.
You also visited: Sewer.

You collected 1970 gold pieces.

Inventory:

Hand Weapons
 w - a +5 halberd of freezing (weapon)
 J - the +3 glaive "Wiuts" {vorpal, rElec Str-4 Int+10}
   (Trog gifted it to you on level 1 of the Lair of Beasts)

   It inflicts extra damage upon your enemies.
   It affects your strength (-4).
   It affects your intelligence (+10).
   It insulates you from electricity.
 V - a +2 halberd
Missiles
 d - 77 poisoned darts (quivered)
 j - 6 datura-tipped darts
 s - 8 silver javelins
 N - 5 curare-tipped darts
 Q - 6 javelins
Armour
 i - a +4 ring mail
 r - +1 acid dragon scales (worn)
 A - a +2 cloak (worn)
 F - a +2 pair of gloves (worn)
 P - a +0 buckler
Jewellery
 n - a +4 ring of evasion (right hand)
 v - an uncursed amulet of regeneration
 I - the ring of Tebbinel (left hand) {rPois SInv}
   (You found it on level 10 of the Dungeon)

   [ring of see invisible]

   It protects you from poison.
   It lets you see invisible.
 U - an amulet of reflection (around neck)
 Y - an uncursed ring of protection from fire
Wands
 k - a wand of iceblast (22)
 x - a wand of disintegration (17)
 y - a wand of polymorph (17)
 z - a wand of digging (5)
 D - a wand of paralysis (8)
 H - a wand of flame (38)
 K - a wand of enslavement (7)
 R - a wand of clouds (12)
 T - a wand of random effects (16)
 Z - a wand of acid (12)
Scrolls
 a - 2 scrolls of fear
 b - 4 scrolls of blinking
 e - 9 scrolls of teleportation
 l - 4 scrolls of fog
 m - 6 scrolls of magic mapping
 q - 6 scrolls of remove curse
 L - a scroll of immolation
 M - a scroll of brand weapon
 O - a scroll of enchant weapon
 W - a scroll of enchant armour
Potions
 f - 4 potions of curing
 g - 4 potions of heal wounds
 h - 3 potions of might
 o - 2 potions of resistance
 p - 3 potions of mutation
 t - 4 potions of lignification
 u - 3 potions of invisibility
 B - 2 potions of haste
 G - a potion of cancellation
Miscellaneous
 C - a tin of tremorstones (3/3)
 E - a tin of tremorstones (3/3)
Comestibles
 c - 37 rations
 S - 9 chunks of flesh


   Skills:
 * Level 19.5 Fighting
   Level 13.5(15.6) Axes
 + Level 13.4(15.5) Polearms
 - Level 10.2 Armour
 - Level 2.1 Dodging
 + Level 9.7 Evocations


You had 14 spell levels left.
You didn't know any spells.
Your spell library was empty.

Dungeon Overview and Level Annotations

Branches:
Dungeon (12/15)            Temple (0/1) D:4            Lair (6/6) D:8
 Shoals (0/4) Lair:3       Spider (0/4) Lair:4        Slime (0/5) Lair:6
    Orc (2/2) D:11          Sewer (visited)
    Elf: Orc:2

Altars:
Ashenzari
Hepliaklqana
Kikubaaqudgha
Okawaru
Wu Jian
Xom
Yredelemnul
The Shining One
Jiyva

Annotations:
Lair:3 exclusion: oklob plant


Innate Abilities, Weirdness & Mutations

You reflexively headbutt those who attack you in melee.
You have a pair of horns on your head.
Your body sometimes deteriorates upon taking damage.
You are robust. (+10% HP)


Message History

The ogre mage points at you and mumbles some strange words.
The crystal spear hits you!!!
* * * LOW HITPOINT WARNING * * *
You block the ogre mage's attack.
You hear a shout! x2
Items here: )))) [[[[ † You feel much better.
The ogre mage casts a spell at you. The bolt of poison misses you.
The ogre mage completely misses you.
The ogre mage gestures at you while chanting.
You resist with some effort.
The ogre mage gestures at you while chanting.
The bolt of poison hits you!
You are poisoned.
You resist.
* * * LOW HITPOINT WARNING * * *
The two-headed ogre misses you. You furiously retaliate!
You headbutt the two-headed ogre, but do no damage.
The two-headed ogre hits you with a cursed -2 giant club!!
You die...

##(O###...# ((.))....##
..(.))....# ##.))..O..##
### ## .#....o....# ##.##
..# .....(....##
#...##.###
..........(####..##....##
........((#.##.O........#
......)..#)oo)OO@......##
...^.........)O.)[......#
...........)...))......#.
............)#.....(.....
...........)......##..##.
.................## ....
...#..............# ....
.............<.....# ..#
..................## ###


You could see a two-headed ogre, 2 ogre magi, an orc warrior, an ogre and an
orc.

Vanquished Creatures
  A fire dragon (Lair:6)
  7 hydras
  A catoblepas (Lair:6)
  2 ogre magi (Orc:2)
  12 two-headed ogres
  17 death yaks
  An orc high priest (Orc:2)
  Sonja (Lair:2)
  3 lindwurms (Lair:6)
  2 orc knights (Orc:2)
  An orc sorcerer (Orc:2)
  An ugly thing (D:11)
  A manticore (Lair:6)
  3 black mambas
  12 elephants
  A centaur skeleton (D:11)
  A gargoyle (D:10)
  7 spiny frogs
  10 rime drakes
  6 komodo dragons
  3 trolls
  10 polar bears
  15 blink frogs
  Grinder (D:6)
  2 dream sheep (Lair:6)
  A raiju (Lair:6)
  A snapping turtle (Lair:3)
  11 hippogriffs
  3 basilisks
  3 wraiths (D:9)
  27 yaks
  A wyvern (D:9)
  5 hungry ghosts
  Grum (D:9)
  3 humans
  7 steam dragons (Lair:6)
  2 two-headed ogre zombies (D:11)
  10 wargs
  A soldier ant (D:10)
  An acid dragon (D:11)
  12 water moccasins
  11 porcupines
  14 hell hounds (Lair:6)
  8 orc warriors
  4 sky beasts
  3 necrophages
  2 ice beasts
  3 phantoms
  27 wolves
  11 black bears (Lair:6)
  26 ogres
  9 centaurs
  14 crocodiles
  22 bullfrogs
  A wyvern zombie (D:10)
  5 scorpions
  5 killer bees (D:11)
  2 wights
  5 howler monkeys
  A crimson imp (D:7)
  2 centaur zombies
  A bullfrog zombie (D:8)
  A human zombie (D:9)
  A jelly (D:10)
  9 orc priests
  7 hounds
  A bullfrog skeleton (D:5)
  15 orc wizards
  2 human skeletons (D:9)
  Jessica (D:2)
  6 iguanas
  4 worker ants
  7 ogre zombies
  A mummy (D:9)
  4 hound skeletons
  6 gnolls
  13 adders
  5 river rats (Sewer)
  A shadow imp (D:6)
  6 oozes
  5 worms
  2 dart slugs
  5 leopard geckos
  31 orcs
  13 ball pythons (Sewer)
  4 giant cockroaches
  4 goblins
  5 hobgoblins
  4 jackals (D:5)
  6 quokkas
  8 bats
  4 frilled lizards
  2 gnoll zombies (D:6)
  A goblin skeleton (D:11)
  A goblin zombie (D:11)
  2 hobgoblin skeletons (D:11)
  3 hobgoblin zombies (D:11)
  A jackal zombie (D:5)
  3 kobolds
  5 orc skeletons (D:11)
  14 orc zombies
  A quokka zombie (D:9)
  33 rats
  A fungus (Lair:6)
  A plant (Lair:6)
635 creatures vanquished.

Vanquished Creatures (others)
  Maurice (D:8)
  A rime drake (Lair:6)
  An orc wizard (Orc:2)
  A bush (Lair:6)
  9 fungi
  17 plants
30 creatures vanquished.

Grand Total: 665 creatures vanquished

Notes
Turn   | Place    | Note
-------+----------+-------------------------------------------
     0 | D:1      | nikku the Minotaur Berserker began the quest for the Orb.
     0 | D:1      | Reached XP level 1. HP: 19/19 MP: 0/0
   230 | D:1      | Reached XP level 2. HP: 27/27 MP: 1/1
   329 | D:1      | Reached skill level 4 in Fighting
   689 | D:2      | Noticed Jessica
   699 | D:2      | Killed Jessica
   699 | D:2      | Reached XP level 3. HP: 29/34 MP: 2/2
   802 | D:2      | Gained mutation: Your body sometimes deteriorates upon
                  | taking damage. [potion of mutation]
   802 | D:2      | Gained mutation: You are robust. (+10% HP) [potion of
                  | mutation]
  1071 | D:2      | Reached ** piety under Trog
  1328 | D:2      | Reached XP level 4. HP: 45/45 MP: 3/3
  1567 | D:3      | Found a glowing drain.
  1584 | Sewer    | Entered a sewer
  1678 | Sewer    | Reached skill level 5 in Fighting
  1690 | Sewer    | Reached XP level 5. HP: 50/52 MP: 4/4
  1704 | Sewer    | Reached skill level 5 in Axes
  1755 | Sewer    | Reached *** piety under Trog
  1891 | Sewer    | Reached XP level 6. HP: 32/62 MP: 5/5
  2168 | D:3      | Found a shattered altar of Ashenzari.
  2234 | D:3      | Reached skill level 5 in Armour
  2251 | D:3      | Noticed a sky beast
  2266 | D:3      | Killed a sky beast
  2266 | D:3      | Reached skill level 6 in Fighting
  2866 | D:4      | Found a staircase to the Ecumenical Temple.
  2896 | D:4      | Reached XP level 7. HP: 68/70 MP: 6/6
  2962 | D:4      | Reached **** piety under Trog
  3388 | D:4      | Reached skill level 7 in Fighting
  3687 | D:5      | Entered Level 5 of the Dungeon
  4020 | D:5      | Got a faintly humming leather armour
  4032 | D:5      | Identified the +2 leather armour of Keufom {+Blink Str+2
                  | Slay-4 SInv} (You found it on level 5 of the Dungeon)
  4603 | D:6      | Reached XP level 8. HP: 59/80 MP: 7/7
  4831 | D:6      | Reached skill level 8 in Fighting
  5176 | D:6      | Found a basalt altar of Yredelemnul.
  5216 | D:6      | Noticed Grinder
  5224 | D:6      | Killed Grinder
  5378 | D:7      | Found a hazy altar of Hepliaklqana.
  5445 | D:7      | Reached skill level 9 in Fighting
  5445 | D:7      | Reached XP level 9. HP: 91/91 MP: 8/8
  5495 | D:7      | Reached skill level 1 in Polearms
  5608 | D:7      | Found a glowing golden altar of the Shining One.
  5697 | D:7      | Found an iron altar of Okawaru.
  5998 | D:8      | Noticed Maurice
  6010 | D:8      | Killed Maurice
  6158 | D:8      | Reached skill level 10 in Fighting
  6370 | D:8      | Noticed a two-headed ogre
  6375 | D:8      | Killed a two-headed ogre
  6375 | D:8      | Reached XP level 10. HP: 103/103 MP: 9/9
  6380 | D:8      | Reached skill level 11 in Fighting
  6380 | D:8      | Reached skill level 10 in Axes
  6421 | D:8      | Noticed a two-headed ogre
  6433 | D:8      | Killed a two-headed ogre
  6452 | D:8      | Reached skill level 5 in Polearms
  6533 | D:8      | Found a staircase to the Lair.
  6580 | D:8      | Reached skill level 10 in Armour
  6701 | D:8      | Found a hazy altar of Hepliaklqana.
  7027 | D:8      | Reached skill level 12 in Fighting
  7354 | D:9      | Reached ***** piety under Trog
  7364 | D:9      | Reached skill level 1 in Evocations
  7377 | D:9      | Found an ancient bone altar of Kikubaaqudgha.
  7490 | D:9      | Reached XP level 11. HP: 112/115 MP: 11/11
  7499 | D:9      | Noticed Grum
  7647 | D:9      | Killed Grum
  7684 | D:9      | Found a shimmering altar of Xom.
  7949 | D:9      | Found an ornate altar of the Wu Jian Council.
  8182 | D:10     | Entered Level 10 of the Dungeon
  8285 | D:10     | Reached skill level 13 in Fighting
  8350 | D:10     | Got a translucent platinum ring
  8376 | D:10     | Noticed a two-headed ogre
  8385 | D:10     | Killed a two-headed ogre
  8435 | D:10     | Received a gift from Trog
  8898 | D:10     | Identified the ring of Tebbinel {rPois SInv} (You found it
                  | on level 10 of the Dungeon)
  8908 | D:11     | Noticed a two-headed ogre
  8916 | D:11     | Killed a two-headed ogre
  9049 | D:11     | Found a staircase to the Orcish Mines.
  9404 | D:11     | Noticed a brown ugly thing
  9411 | D:11     | Killed a brown ugly thing
  9476 | D:11     | Reached skill level 14 in Fighting
 10138 | D:11     | Reached XP level 12. HP: 114/128 MP: 14/14
 10249 | Lair:1   | Entered Level 1 of the Lair of Beasts
 10455 | Lair:1   | Received a gift from Trog
 10458 | Lair:1   | Got a jewelled glaive {god gift}
 10459 | Lair:1   | Identified the +3 glaive "Wiuts" {vorpal, rElec Str-4
                  | Int+10} (Trog gifted it to you on level 1 of the Lair of
                  | Beasts)
 10500 | Lair:1   | Noticed a six-headed hydra
 10511 | Lair:1   | Killed an 11-headed hydra
 10511 | Lair:1   | Reached skill level 5 in Evocations
 11225 | Lair:2   | Reached skill level 15 in Fighting
 11301 | Lair:2   | Noticed Sonja
 11312 | Lair:2   | Killed Sonja
 11483 | Lair:2   | Noticed a four-headed hydra
 11492 | Lair:2   | Killed a nine-headed hydra
 12252 | Lair:3   | Noticed a seven-headed hydra
 12255 | Lair:3   | Killed an eight-headed hydra
 12726 | Lair:3   | Reached skill level 10 in Polearms
 12849 | Lair:3   | Found a staircase to the Shoals.
 13070 | Lair:4   | Reached XP level 13. HP: 140/140 MP: 16/16
 13185 | Lair:4   | Reached skill level 16 in Fighting
 13742 | Lair:4   | Found a hole to the Spider Nest.
 14847 | Lair:6   | Entered Level 6 of the Lair of Beasts
 14860 | Lair:6   | Reached skill level 17 in Fighting
 15192 | Lair:6   | Reached XP level 14. HP: 58/154 MP: 17/19
 15593 | Lair:6   | Reached skill level 18 in Fighting
 16796 | Lair:6   | Found a viscous altar of Jiyva.
 16797 | Lair:6   | Found a staircase to the Slime Pits.
 17286 | Orc:1    | Entered Level 1 of the Orcish Mines
 17305 | Orc:1    | Reached skill level 19 in Fighting
 17412 | Orc:2    | Entered Level 2 of the Orcish Mines
 17873 | Orc:2    | Reached XP level 15. HP: 130/167 MP: 21/21
 17891 | Orc:2    | Received a gift from Trog
 17942 | Orc:2    | HP: 6/167 [ogre mage/crystal spear (52)]
 17944 | Orc:2    | Mangled by a two-headed ogre

Illustrated notes

Levels and vault maps discovered:
D:1:      roderic_dead_forest, layout_basic, minivault_24, item_on_display_a
D:2:      layout_basic, uniq_jessica
D:3:      layout_basic, evilmike_ruin_ashenzari, portal_sewer_entry_f,
          chequers_jeans
D:4:      layout_gridville, minmay_temple_entry_sparse_star
D:5:      layout_loops_corners, first_ration
D:6:      layout_basic, lemuel_zombie_altar_yredelemnul, uniq_grinder
D:7:      layout_basic, okawaru_humans, tso_metal_star,
          nicolae_overflow_hidden_temple
D:8:      layout_basic, minmay_lair_entry_grove, basic_altar, uniq_maurice
D:9:      layout_basic, marbit_many_paths, tgw_xom,
          lemuel_mausoleum_altar_kikubaaqudgha, uniq_grum
D:10:     layout_loops_cross
D:11:     layout_basic, zombieorc2_lemuel, serial_corexii_hall,
          corexii_hall_statues_x, chequers_hall_statues_wall_a, grunt_pizzeria
D:12:     layout_irregular_city, serial_undead, serial_undead_a,
          serial_undead_f, serial_undead_c, serial_undead_e, serial_shops, shop,
          drop_trap
Lair:1:   layout_concentric_octagons
Lair:2:   layout_cellular_growth, grunt_megastairs_2, uniq_sonja
Lair:3:   layout_hall_layers, minmay_shoals_entry_hut,
          minmay_lair_oklob_chamber, grunt_megastairs_1
Lair:4:   layout_gridlike, spider_nest_entry_webs, infiniplex_staircase_pool_2,
          grunt_megastairs_3
Lair:5:   layout_loops_ring, minivault_19
Lair:6:   hangedman_lair_caniforms_friends, layout_regular_city,
          hangedman_lair_in_review, slime_altar_1, bobbens_dragon_lair_wall
Orc:1:    layout_caves, special_room [special_room_bee], enter_bailey_3
Orc:2:    st_orc_ogre_mass, layout_caves

Skill      XL: |  1  2  3  4  5  6  7  8  9 10 11 12 13 14 |
---------------+-------------------------------------------+-----
Fighting       | 4 5 6 7 9 10 12 14 15 17 19 | 19.5
Axes           | 4 5 6 7 8 9 10 12 13 | 13.5
Armour         | 3 4 5 6 8 9 10 | 10.2
Polearms       | 4 6 8 10 11 13 | 13.4
Evocations     | 1 4 6 8 9 |  9.7
Dodging        | |  2.1

Action                   |  1- 3 |  4- 6 |  7- 9 | 10-12 | 13-15 || total
-------------------------+-------+-------+-------+-------+-------++-------
Melee: Hand axe          |    48 |   132 |   172 |       |       ||   352
       Headbutt          |     8 |    21 |    55 |   106 |   137 ||   327
       Halberd           |       |       |    86 |   599 |   645 ||  1330
Throw: Dart              |       |     6 |    33 |    73 |    98 ||   210
Invok: Berserk           |       |     1 |     3 |     5 |    11 ||    20
       Trog's Hand       |       |       |     5 |    11 |    16 ||    32
  Use: Scroll            |     3 |     4 |    11 |    12 |     6 ||    36
       Potion            |     2 |       |       |     1 |     6 ||     9
  Eat: Chunk             |     1 |     6 |    16 |    20 |    19 ||    62
       Ration            |       |       |     3 |     3 |     4 ||    10
Armor: Animal skin       |     2 |       |       |       |       ||     2
       Chain mail        |    17 |       |       |       |       ||    17
       Ring mail         |       |    71 |   122 |    99 |       ||   292
       Acid dragon scale |       |       |       |    91 |   180 ||   271
Dodge: Dodged            |    26 |   102 |    92 |   292 |   359 ||   871
Block: Other             |       |       |       |       |    15 ||    15
